Description

This is a Disgusting PvZ 2 base that relies pretty much on you tricking your opponent and making him overdrone. Mindgame as hard as you can, use the phoenixes to hunt down overlords and prevent him, break chokepoints, get as much efficiency with your units as possible. Usual attack timing is at around 6:30 on most maps. At around 6m, you box all ur chargelots, and a-move them across the map. You can also hit earlier, if your opponent scouts ur units and you feel like now's the time to attack. Once again, this build is more reactionary than most builds, so a lot of decisions this game will depend on how you want to approach the game. If your opponent started making roaches without scouting anything, you can also start getting some stalkers and delaying your push.

Now, the weaknesses to this build are straight up roach balls, which will make your life a pain in the ass if you don't take a good fight. What I like to do with my phoenixes, is right before engaging, lift the units that create chokepoints, let some zealots through, and get as much coverage as possible. Banelings are also relatively hard to deal with because of the fact that you need to be as efficient with your units as possible. Split as hard as you can and take as little damage as possible.

The last thing worth mentionning, is always warping in pylons and zealots. Yea, most of the times your opponent won'T have enough to survive the initial push, but if he does have enough, at least to buy himself some time and get roaches or banes out, and since you dont have a warp prism or a proxy pylon (which you could try and include in your build), you might throw the army lead you have.

VOD

https://www.youtube.com/watch?v=pXZD1N8aXc4&

Replay - PvZ 2Base Phoenix Chargelot Allin

Build Order

Get SALT Encoding   

  12  0:00  Probe  
  13  0:12  Probe  
  14  0:19  Pylon  
  14  0:24  Probe  
  15  0:33  Probe  
  15  0:40  Gateway  
  15  0:41  Probe  
  16  0:49  Assimilator  
  17  0:51  Probe  
  18  1:03  Probe  
  19  1:15  Probe  
  20  1:27  Nexus  
  20  1:37  Cybernetics Core  
  20  1:40  Probe  
  20  1:46  Assimilator  
  21  1:55  Pylon  
  21  1:56  Probe  
  22  2:05  Adept  
  25  2:21  Stargate  
  26  2:31  Adept  
  26  2:34  Warp Gate  
  26  2:58  Phoenix  
  33  3:01  Adept  
  41  3:24  Gateway  
  41  3:27  Pylon, Phoenix  
  45  3:50  Twilight Council  
  45  3:51  Gateway  
  45  3:54  Phoenix  
  47  3:58  Charge  
  47  3:59  Assimilator  
  48  4:08  Pylon  
  49  4:18  Phoenix  
  49  4:23  Pylon  
  52  4:37  Gateway x3  
  51  4:41  Zealot x2  
  55  4:47  Phoenix  
  55  4:48  Zealot  
  59  4:57  Gateway  
  59  5:02  Zealot x2  
  63  5:10  Zealot  
  63  5:13  Phoenix  
  67  5:24  Zealot  
  69  5:38  Zealot x3  
  106  7:17  Nexus  
  108  7:36  Templar Archives  
Spawning Tool Build Advisor. Get it on Overwolf

Go to:

Details

  • Created by: Whiteshadow322   
  • Published on: Jan 18, 2019
  • Modified on: Jan 18, 2019
  • Patch: 4.7.1
Show
View Real Time Build Order
Export as new Build Order

Comments (0)

There are no comments. Be the first!

Create an account to comment!